 Dungeon Sprint DCSS version 0.31-a0-1370-gf52a5a9ab3 (webtiles) character file.

Game seed: 1833729288005758334

4100000 MisterAzrael the Conqueror (level 27, -16/228 HPs)
             Began as a Djinni Warper on Dec 24, 2023.
             Was the Champion of Makhleb.
             Demolished by a sculptor of flesh
             ... wielding a +9 great sword
              (244 damage)
             ... in the Dungeon (Sprint VIII: "Arena of Blood").
             The game lasted 00:05:36 (41 turns).

MisterAzrael the Conqueror (Djinni Warper)            Turns: 41, Time: 00:05:37

Health: -16/228    AC:  6    Str: 10    XL:     27
Gold:   0          EV: 25    Int: 28    God:    Makhleb [******] SH:  0 Dex: 14

rFire   + + .        i - +∞ Axe of Woe
rCold   x . .        (shield currently unavailable)
rNeg    . . .        b - +0 leather armour
rPois   ∞            (no helmet)
rElec   .            (no cloak)
rCorr   .            (no gloves)
SInv    .            (boots unavailable)
Will    ++...        (no amulet)
Stlth   +++++++++    (no ring)
HPRegen 0.58/turn    (no ring)
MPRegen 0.00/turn

%: no teleportation, infuse magic (-17 HP)
@: flying
A: sickness immunity, fire resistance 2, cold vulnerability 1, float, innate
caster, HP casting, extra vitality 1
a: Renounce Religion, Minor Destruction, Lesser Servant of Makhleb, Major
Destruction, Greater Servant of Makhleb


You were in the Dungeon.
You worshipped Makhleb.
Makhleb was exalted by your worship.
You visited 1 branch

Inventory:

Hand Weapons
 a - a +0 hand axe
 i - the +∞ Axe of Woe (weapon)
   (You found it in the Dungeon)
Missiles
 d - 7 darts of dispersal (quivered)
Armour
 b - a +0 leather armour (worn)
Scrolls
 c - 2 scrolls of blinking
Potions
 e - a potion of curing
 f - a potion of heal wounds
 g - a potion of haste
 h - a potion of berserk rage


   Skills:
 O Level 27 Fighting
 + Level 13.3(15.6) Short Blades
 + Level 13.3(15.6) Long Blades
 O Level 27 Axes
 O Level 27 Maces & Flails
 O Level 27 Polearms
 O Level 27 Staves
 + Level 12.3 Ranged Weapons
 O Level 27 Throwing
 O Level 27 Armour
 O Level 27 Dodging
 O Level 27 Stealth
 + Level 14.5 Shields
 O Level 27 Unarmed Combat
 O Level 27 Spellcasting
 O Level 27 Conjurations
 O Level 27 Hexes
   Level 0.0 Charms
 O Level 27 Summonings
 O Level 27 Necromancy
 O Level 27 Translocations
   Level 0.0 Transmutations
 O Level 27 Fire Magic
 O Level 27 Ice Magic
 O Level 27 Air Magic
 O Level 27 Earth Magic
 O Level 27 Alchemy
 O Level 27 Invocations
 + Level 14.5 Evocations
 + Level 12.3 Shapeshifting


You knew the following spells:

 Your Spells              Type           Power      Damage    Failure   Level
a - Blink                 Tloc           100%       N/A       0%          2
b - Lesser Beckoning      Tloc           100%       N/A       0%          2
c - Teleport Other        Tloc           100%       N/A       0%          3
d - Manifold Assault      Tloc           100%       N/A       0%          4
e - Vhi's Electric Charg  Tloc/Air       100%       N/A       0%          4
f - Foxfire               Conj/Fire      100%       2x1d9     0%          1
g - Ensorcelled Hibernat  Hex/Ice        100%       N/A       0%          2
h - Gell's Gravitas       Tloc           100%       N/A       0%          3
i - Dispel Undead         Necr           100%       3d31      0%          4
j - Fireball              Conj/Fire      56%        3d22      0%          5
k - Yara's Violent Unrav  Hex/Alch       56%        3d21      0%          5
l - Eringya's Noxious Bo  Alch           56%        4d6       0%          6
m - Summon Cactus Giant   Summ           56%        N/A       0%          6
n - Plasma Beam           Fire/Air       56%        2x1d71    0%          6
o - Lehudib's Crystal Sp  Conj/Erth      56%        10d13     1%          8
p - Ignition              Fire           56%        3d15      1%          8
q - Summon Horrible Thin  Summ           56%        N/A       1%          8
r - Death's Door          Necr           56%        N/A       1%          9
Your spell library was empty.

Dungeon Overview and Level Annotations

Branches:
Dungeon (1/1)

Altars:
Makhleb


Innate Abilities, Weirdness & Mutations

You are immune to sickness and miasma.
You are immune to poison.
Your flesh is very heat resistant. (rF++)
You are vulnerable to cold. (rC-)
You float through the air rather than walking.
You learn spells naturally, not from books.
Your magical power is your life essence.
You have superior vitality. (+4 MHP)


Message History

Space momentarily warps into an impossible shape!
You slice the bag of meat!!
You cleave the bag of meat in twain.
You kill the bag of meat!
Makhleb accepts your kill.
You cut the bag of meat into ribbons!!!
You pulverise the bag of meat into a thin bloody mist.
You kill the bag of meat!
Makhleb accepts your kill.
You feel better.
You slash the sculptor of flesh!
You butcher the sculptor of flesh messily.
You destroy the sculptor of flesh!
Makhleb accepts your kill.
You dice the large bag of meat like an onion!!!
Flame seeps out of the large bag of meat.
You pulverise the large bag of meat into a thin bloody mist.
Makhleb accepts your kill.
The large bag of meat explodes!
The sculptor of flesh appears out of thin air!
A sculptor of flesh comes into view. It is wielding a +9 great sword.
You hear a shout! x3
A destroyer comes into view. It is wielding a +9 heavy great sword.
Your base Short Blades skill gained 3 levels and is now at level 13!
Your base Long Blades skill gained 3 levels and is now at level 13!
Your Ranged Weapons skill gained 3 levels and is now at level 12!
Your Shields skill gained 3 levels and is now at level 14!
Your Evocations skill gained 3 levels and is now at level 14!
Your Shapeshifting skill gained 3 levels and is now at level 12!
You have reached level 27, the final one!
Your experience leads to an increase in your attributes!
Increase (S)trength, (I)ntelligence, or (D)exterity?
You feel clever. x2
The power to cast Death's Door wells up from within.
Spell assigned to 'r'.
The sculptor of flesh appears out of thin air!
A sculptor of flesh comes into view. It is wielding a +9 great sword.
A meat berserker comes into view. It is wielding a +9 battleaxe.
A bag of meat comes into view. It is wielding a +9 war axe.
The sculptor of flesh hits you with a +9 great sword!!!!!
Ouch! That really hurt!
You die...

#..)☼○#...).. .
..#_)<._#)z....
....#).)).#......
...).))_☼°☼.).)..
......###)).))...
)###....)§§###...
#.z...).# O..
V#...)).z#.....
.)...).@)).§.§)
.......)...§○#.
).)))....○§§#§.
........§)##...
#.......☼#§ ...
o......).#.) ##
#.#..........
.......... ...


You could see a destroyer (wandering), 3 sculptors of flesh, a meat berserker
(berserk) and a bag of meat (wandering).

Vanquished Creatures
  5 vampire knights (D)
  21 ogres (D)
  4 two-headed ogres (D)
  45 orcs (D)
  2 skeletal warriors (D)
77 creatures vanquished.

Notes
Turn   | Place    | Note
-------+----------+-------------------------------------------
     0 | D        | Found the +∞ Axe of Woe
     0 | D        | MisterAzrael the Djinni Warper began the quest for the Orb.
     0 | D        | MisterAzrael set off with the following spells memorised:
                  | Blink, Lesser Beckoning, Teleport Other, Manifold Assault,
                  | Vhi's Electric Charge.
     0 | D        | Reached XP level 1. HP: 18/18 MP: 0/0
     1 | D        | Noticed a bag of meat
     1 | D        | Noticed a bag of meat
     3 | D        | Noticed a bag of meat
     3 | D        | Became a worshipper of Makhleb the Destroyer
     3 | D        | Noticed a bag of meat
     3 | D        | Noticed a bag of meat
     3 | D        | Noticed a bag of meat
     4 | D        | Killed a bag of meat
     5 | D        | Reached XP level 2. HP: 23/23 MP: 0/0
     5 | D        | Reached XP level 3. HP: 28/28 MP: 0/0
     5 | D        | Learned a level 1 spell: Foxfire
     5 | D        | Reached XP level 4. HP: 33/33 MP: 0/0
     5 | D        | Reached XP level 5. HP: 38/38 MP: 0/0
     5 | D        | Learned a level 2 spell: Ensorcelled Hibernation
     5 | D        | Reached XP level 6. HP: 43/43 MP: 0/0
     5 | D        | Reached XP level 7. HP: 49/49 MP: 0/0
     5 | D        | Learned a level 3 spell: Gell's Gravitas
     5 | D        | Reached XP level 8. HP: 54/54 MP: 0/0
     5 | D        | Reached XP level 9. HP: 58/58 MP: 0/0
     5 | D        | Learned a level 4 spell: Dispel Undead
     5 | D        | Reached XP level 10. HP: 64/64 MP: 0/0
     5 | D        | Reached XP level 11. HP: 68/68 MP: 0/0
     5 | D        | Learned a level 5 spell: Fireball
     5 | D        | Noticed a bag of meat
     6 | D        | Killed a bag of meat
     6 | D        | Reached * piety under Makhleb
     6 | D        | Noticed a meat berserker
     6 | D        | Noticed a bag of meat
     7 | D        | Reached XP level 12. HP: 78/78 MP: 0/0
     8 | D        | Killed a bag of meat
     9 | D        | Reached skill level 10 in Fighting
     9 | D        | Reached XP level 13. HP: 98/98 MP: 0/0
     9 | D        | Learned a level 5 spell: Yara's Violent Unravelling
     9 | D        | Killed a bag of meat
     9 | D        | Killed a bag of meat
     9 | D        | Reached ** piety under Makhleb
     9 | D        | Noticed a bag of meat
    10 | D        | Reached XP level 14. HP: 65/116 MP: 0/0
    10 | D        | Killed a bag of meat
    10 | D        | Killed a bag of meat
    10 | D        | Killed a bag of meat
    10 | D        | Reached *** piety under Makhleb
    10 | D        | Killed a meat berserker
    10 | D        | Noticed a bag of meat
    11 | D        | Reached XP level 15. HP: 118/135 MP: 0/0
    11 | D        | Learned a level 6 spell: Eringya's Noxious Bog
    11 | D        | Noticed a meat berserker
    11 | D        | Noticed a meat berserker
    11 | D        | Noticed a meat berserker
    12 | D        | Noticed a meat berserker
    13 | D        | Noticed a meat berserker
    13 | D        | Killed a meat berserker
    13 | D        | Reached **** piety under Makhleb
    13 | D        | Noticed a meat berserker
    13 | D        | Noticed a meat berserker
    14 | D        | Reached skill level 27 in Fighting
    14 | D        | Reached XP level 16. HP: 154/154 MP: 0/0
    14 | D        | Killed a meat berserker
    14 | D        | Reached ***** piety under Makhleb
    14 | D        | Killed a meat berserker
    15 | D        | Reached skill level 27 in Dodging
    15 | D        | Reached XP level 17. HP: 160/160 MP: 0/0
    15 | D        | Learned a level 6 spell: Summon Cactus Giant
    16 | D        | Killed a meat berserker
    16 | D        | Killed a meat berserker
    16 | D        | Killed a meat berserker
    17 | D        | Reached skill level 27 in Axes
    17 | D        | Reached skill level 27 in Spellcasting
    17 | D        | Reached skill level 27 in Conjurations
    17 | D        | Reached skill level 27 in Hexes
    17 | D        | Reached skill level 27 in Summonings
    17 | D        | Reached skill level 27 in Necromancy
    17 | D        | Reached skill level 27 in Translocations
    17 | D        | Reached skill level 27 in Fire Magic
    17 | D        | Reached skill level 27 in Ice Magic
    17 | D        | Reached skill level 27 in Air Magic
    17 | D        | Reached skill level 27 in Earth Magic
    17 | D        | Reached skill level 27 in Alchemy
    17 | D        | Reached skill level 1 in Throwing
    17 | D        | Reached XP level 18. HP: 167/167 MP: 0/0
    17 | D        | Reached XP level 19. HP: 174/174 MP: 0/0
    17 | D        | Learned a level 6 spell: Plasma Beam
    17 | D        | Reached ****** piety under Makhleb
    18 | D        | Killed a meat berserker
    18 | D        | Noticed a meat berserker
    18 | D        | Noticed a meat berserker
    19 | D        | Reached skill level 10 in Maces & Flails
    19 | D        | Reached skill level 10 in Polearms
    19 | D        | Reached skill level 10 in Throwing
    19 | D        | Reached XP level 20. HP: 181/181 MP: 0/0
    19 | D        | Killed a meat berserker
    19 | D        | Killed a meat berserker
    19 | D        | Noticed a meat berserker
    19 | D        | Noticed a meat berserker
    20 | D        | Reached skill level 15 in Armour
    20 | D        | Reached skill level 15 in Unarmed Combat
    20 | D        | Reached skill level 15 in Invocations
    20 | D        | Reached XP level 21. HP: 187/187 MP: 0/0
    20 | D        | Learned a level 8 spell: Lehudib's Crystal Spear
    21 | D        | Noticed a large bag of meat
    21 | D        | Noticed a large bag of meat
    21 | D        | Noticed a meat berserker
    22 | D        | Noticed a destroyer
    22 | D        | Killed a destroyer
    22 | D        | Killed a meat berserker
    23 | D        | Reached skill level 15 in Maces & Flails
    23 | D        | Reached skill level 15 in Polearms
    23 | D        | Reached skill level 15 in Throwing
    23 | D        | Noticed a meat berserker
    23 | D        | Noticed a meat berserker
    24 | D        | Killed a meat berserker
    24 | D        | Killed a meat berserker
    24 | D        | Killed a large bag of meat
    25 | D        | Reached XP level 22. HP: 194/194 MP: 0/0
    25 | D        | Noticed a meat berserker
    25 | D        | Noticed a meat berserker
    25 | D        | Noticed a meat berserker
    26 | D        | Killed a meat berserker
    26 | D        | Killed a meat berserker
    26 | D        | Killed a meat berserker
    26 | D        | Noticed a destroyer
    27 | D        | Reached XP level 23. HP: 201/201 MP: 0/0
    27 | D        | Learned a level 8 spell: Ignition
    27 | D        | Killed a destroyer
    29 | D        | Reached XP level 24. HP: 72/208 MP: 0/0
    29 | D        | Killed a large bag of meat
    30 | D        | Noticed a destroyer
    30 | D        | Noticed a destroyer
    31 | D        | Noticed a large bag of meat
    32 | D        | Killed a destroyer
    32 | D        | Killed a destroyer
    33 | D        | Reached skill level 27 in Armour
    33 | D        | Reached skill level 27 in Unarmed Combat
    33 | D        | Reached skill level 27 in Invocations
    33 | D        | Reached XP level 25. HP: 78/214 MP: 0/0
    33 | D        | Learned a level 8 spell: Summon Horrible Things
    33 | D        | Killed a large bag of meat
    34 | D        | Reached skill level 27 in Stealth
    35 | D        | Reached skill level 27 in Maces & Flails
    35 | D        | Reached skill level 27 in Polearms
    35 | D        | Reached skill level 27 in Throwing
    36 | D        | Noticed a destroyer
    37 | D        | Noticed a large bag of meat
    38 | D        | Reached skill level 27 in Staves
    38 | D        | Reached XP level 26. HP: 221/221 MP: 0/0
    39 | D        | Killed a destroyer
    40 | D        | Reached skill level 10 in Short Blades
    40 | D        | Reached skill level 10 in Long Blades
    40 | D        | Killed a large bag of meat
    40 | D        | Noticed a destroyer
    41 | D        | Reached XP level 27. HP: 228/228 MP: 0/0
    41 | D        | Learned a level 9 spell: Death's Door
    41 | D        | Demolished by a sculptor of flesh

Illustrated notes

Levels and vault maps discovered:
D:        meatsprint

Skill      XL: |  1  2  3  4  5  6  7  8  9 10 11 12 13 14 15 16 17 18 19 20 21 22 23 24 25 26 |
---------------+-------------------------------------------------------------------------------+-----
Axes           | 21 24 26 27 | 27.0
Fighting       | 3 10 16 21 27 | 27.0
Spellcasting   | 3 8 13 16 19 27 | 27.0
Conjurations   | 3 8 13 16 19 27 | 27.0
Hexes          | 3 8 13 16 19 27 | 27.0
Summonings     | 3 8 13 16 19 27 | 27.0
Necromancy     | 3 8 13 16 19 27 | 27.0
Translocations | 3 8 13 16 19 27 | 27.0
Fire Magic     | 3 8 13 16 19 27 | 27.0
Ice Magic      | 3 8 13 16 19 27 | 27.0
Air Magic      | 3 8 13 16 19 27 | 27.0
Earth Magic    | 3 8 13 16 19 27 | 27.0
Alchemy        | 3 8 13 16 19 27 | 27.0
Dodging        | 16 22 27 | 27.0
Throwing       | 1 10 13 17 19 22 24 27 | 27.0
Maces & Flails | 10 13 17 19 22 24 27 | 27.0
Polearms       | 10 13 17 19 22 24 27 | 27.0
Armour         | 12 15 20 23 26 27 | 27.0
Stealth        | 11 14 19 21 24 26 27 | 27.0
Unarmed Combat | 12 15 20 23 26 27 | 27.0
Invocations    | 12 15 20 23 26 27 | 27.0
Staves         | 27 | 27.0
Short Blades   | 2 13 | 13.3
Long Blades    | 2 13 | 13.3
Ranged Weapons | 2 12 | 12.3
Shields        | 3 14 | 14.5
Evocations     | 3 14 | 14.5
Shapeshifting  | 2 12 | 12.3

Action                     |  1- 3 |  4- 6 |  7- 9 | 10-12 | 13-15 | 16-18 | 19-21 | 22-24 | 25-27 || total
---------------------------+-------+-------+-------+-------+-------+-------+-------+-------+-------++-------
  Melee: Executioner's axe |     1 |       |       |     2 |    10 |     8 |    20 |    15 |    20 ||    76
   Cast: Manifold Assault  |       |       |       |       |     3 |     2 |     5 |     3 |     5 ||    18
         Summon Cactus Gia |       |       |       |       |       |     1 |       |       |       ||     1
 Armour: Leather armour    |       |       |       |       |     1 |     1 |       |     8 |     2 ||    12
  Dodge: Dodged            |       |       |       |       |       |       |       |     1 |       ||     1

Table legend: (Time is in decaauts)
 A = Elapsed time spent in this place.
 B = Non-inter-level travel time spent in this place.
 C = Inter-level travel time spent in this place.
 D = Time resting spent in this place.
 E = Time spent auto-exploring this place.
 F = Levels seen in this place.
 G = Mean time per level.
                   A        B        C        D        E       F      G
               +--------+--------+--------+--------+--------+-----+--------+
         Total |     34 |     34 |      0 |      0 |      0 |   1 |   34.0 |
       Dungeon |     34 |     34 |      0 |      0 |      0 |   1 |   34.0 |
               +--------+--------+--------+--------+--------+-----+--------+

Top non-repeatable levels by time:
       D: 34 daAuts
